 Dungeon Crawl Stone Soup version 0.20.2-3-g29329e0561 (webtiles) character file.

884 Alfie the Archer (level 7, -3/60 HPs)
             Began as a Minotaur Hunter on May 8, 2020.
             Shot with an arrow by a centaur (11 damage)
             ... on level 6 of the Dungeon.
             The game lasted 00:17:43 (3915 turns).

Alfie the Archer (Minotaur Hunter)                  Turns: 3915, Time: 00:17:44

Health: -3/60      AC:  7    Str: 18    XL:     7   Next: 76%
Magic:  6/6        EV: 13    Int:  8    God:
Gold:   245        SH:  0    Dex: 17    Spells: 6/6 levels left

rFire    + . .     SeeInvis .   a - +1 shortbow
rCold    . . .     Gourm    .   (shield currently unavailable)
rNeg     . . .     Faith    .   c - +1 leather armour
rPois    .         Spirit   .   (helmet restricted)
rElec    .         Reflect  .   n - +0 cloak
rCorr    .         Harm     .   (no gloves)
MR       .....     Rnd*Rage +   (no boots)
Stlth    ++........             (no amulet)
Regen    0.2/turn               j - +4 ring of dexterity
MPRegen  0.1/turn               p - ring of protection from fire

@: no status effects
A: retaliatory headbutt, horns 2, yellow scales 1, agile 1, berserk 1
a: no special abilities


You were on level 6 of the Dungeon.
You were not hungry.

You visited 1 branch of the dungeon, and saw 6 of its levels.

You collected 245 gold pieces.

Inventory:

Hand Weapons
 a - a +1 shortbow (weapon)
 b - a +1 short sword
Missiles
 d - 29 arrows (quivered)
Armour
 c - a +1 leather armour (worn)
 n - a +0 cloak (worn)
 w - a +0 pair of gloves
Jewellery
 j - a +4 ring of dexterity (left hand)
 p - a ring of protection from fire (right hand)
 q - an uncursed ring of magical power
Wands
 h - a wand of acid (7/15)
 v - a wand of random effects (17/48)
Scrolls
 o - 2 scrolls of teleportation
 s - a scroll of recharging
 t - 2 scrolls of enchant armour
 u - a scroll of identify
Potions
 e - a potion of agility
 g - a potion of might
 k - 3 potions of brilliance
 l - a potion of berserk rage
Comestibles
 f - 2 bread rations
 i - a royal jelly
 m - a meat ration


   Skills:
 + Level 4.8 Fighting
 + Level 9.3 Bows
 + Level 3.0 Armour
 + Level 2.4 Dodging
 + Level 1.1 Stealth


You had 6 spell levels left.
You didn't know any spells.

Dungeon Overview and Level Annotations

Branches:
Dungeon (6/15)
 Temple: D:4-7

Altars:
Okawaru
Yredelemnul


Innate Abilities, Weirdness & Mutations

You reflexively headbutt those who attack you in melee.
You have a pair of horns on your head.
You are partially covered in yellow scales. (AC +2)
You are agile. (Dex +2)
You tend to lose your temper in combat.


Message History

You slide downwards.
The hatch slams shut behind you.
A centaur and a zombie come into view.
Found a short smoking staff.
Firing (i - inventory):
d - 31 arrows (quivered)
Press: ? - help, Shift-Dir - straight line, f - worker ant zombie
Aim: a worker ant zombie You shoot an arrow.
The arrow hits the worker ant zombie.
The worker ant zombie is moderately damaged.
The centaur shouts!
The centaur wields a shortbow.
The centaur shoots an arrow.
The arrow hits you.
* * * LOW HITPOINT WARNING * * *
You can't go up here!
Firing (i - inventory):
d - 30 arrows (quivered)
Press: ? - help, Shift-Dir - straight line, f/p - worker ant zombie
Aim: a worker ant zombie (moderately damaged)
You shoot an arrow. The arrow hits the worker ant zombie.
The worker ant zombie is heavily damaged.
The worker ant zombie completely misses you.
The centaur shoots an arrow.
The arrow hits you!
You die...

# .# ###
.## .|
...# ..
#.##...###
w.
#.Z......#
≈.
#.@....c..
.(
##........
≈.
###...##.
≈. ...# #
.## # .#
.. # .. #)


You could see a centaur and a worker ant zombie.

Vanquished Creatures
  A water moccasin (D:5)
  A phantom (D:5)
  A necrophage (D:5)
  A centaur (D:5)
  A scorpion (D:4)
  A howler monkey (D:4)
  A human zombie (D:5)
  An orc wizard (D:4)
  A bullfrog skeleton (D:4)
  2 centaur skeletons (D:4)
  2 orc priests (D:4)
  An iguana (D:4)
  2 worker ants (D:4)
  A hound skeleton (D:4)
  Robin (D:2)
  A howler monkey skeleton (D:4)
  5 adders
  An ooze (D:3)
  3 worms
  A leopard gecko (D:2)
  12 orcs
  3 bats
  4 giant cockroaches
  13 goblins
  7 hobgoblins
  3 jackals (D:1)
  4 kobolds
  A quokka (D:3)
  A frilled lizard (D:2)
  A jackal skeleton (D:5)
  A quokka skeleton (D:5)
  3 rats
82 creatures vanquished.

Vanquished Creatures (others)
  A centaur skeleton (D:5)
  A jelly (D:5)
  A quokka zombie (D:5)
3 creatures vanquished.

Grand Total: 85 creatures vanquished

Notes
Turn   | Place    | Note
-------+----------+-------------------------------------------
     0 | D:1      | Alfie the Minotaur Hunter began the quest for the Orb.
     0 | D:1      | Reached XP level 1. HP: 18/18 MP: 0/0
   549 | D:1      | Reached XP level 2. HP: 25/25 MP: 1/1
   627 | D:1      | Reached skill level 5 in Bows
  1163 | D:2      | Found an iron altar of Okawaru.
  1196 | D:2      | Reached XP level 3. HP: 30/30 MP: 2/2
  1200 | D:2      | Noticed Robin
  1209 | D:2      | Reached skill level 1 in Armour
  1211 | D:2      | Killed Robin
  1587 | D:3      | Reached XP level 4. HP: 37/37 MP: 3/3
  1604 | D:3      | Found a faded altar of an unknown god.
  1806 | D:3      | Reached skill level 6 in Bows
  2143 | D:4      | Reached XP level 5. HP: 45/45 MP: 4/4
  2297 | D:4      | Reached skill level 7 in Bows
  2299 | D:4      | HP: 2/46 [orc priest/divine providence (12)]
  2304 | D:4      | Reached XP level 6. HP: 8/52 MP: 5/5
  2597 | D:4      | Gained mutation: You tend to lose your temper in combat. [potion of mutation]
  2597 | D:4      | Gained mutation: You are agile. (Dex +2) [potion of mutation]
  2597 | D:4      | Gained mutation: You are partially covered in yellow scales. (AC +2) [potion of mutation]
  2922 | D:4      | Reached skill level 8 in Bows
  3230 | D:5      | Entered Level 5 of the Dungeon
  3243 | D:5      | Reached skill level 1 in Stealth
  3243 | D:5      | Reached XP level 7. HP: 44/60 MP: 6/6
  3552 | D:5      | Reached skill level 9 in Bows
  3563 | D:5      | Found a runed door.
  3563 | D:5      | Noticed a human
  3576 | D:5      | Found a basalt altar of Yredelemnul.
  3688 | D:5      | HP: 3/60 [poisoned by an adder]
  3693 | D:5      | HP: 2/60 [poisoned by an adder]
  3700 | D:5      | HP: 2/60 [poisoned by an adder]
  3708 | D:5      | HP: 1/60 [poisoned by an adder]
  3915 | D:6      | Shot with an arrow by a centaur

Skill      XL: |  1  2  3  4  5  6  7 |
---------------+----------------------+-----
Bows           | 5 6 7 8 9 |  9.3
Armour         | 1 2 3 |  3.0
Fighting       | 3 4 |  4.8
Stealth        | 1 |  1.1
Dodging        | |  2.4

Action                   |  1- 3 |  4- 6 |  7- 9 || total
-------------------------+-------+-------+-------++-------
Melee: Short sword       |    38 |       |       ||    38
       Headbutt          |     6 |       |       ||     6
 Fire: Shortbow          |    79 |   156 |    49 ||   284
  Use: Scroll            |     6 |     6 |     4 ||    16
       Potion            |     5 |     6 |       ||    11
  Eat: Bread ration      |     1 |     1 |       ||     2
Armor: Leather armour    |     7 |     4 |     4 ||    15
Dodge: Dodged            |    39 |    29 |    12 ||    80
